 Dungeon Crawl Stone Soup version 0.23-a0-612-gcb482e9 (console) character file.

182 Duffy the Chopper (level 5, 0/45 HPs)
             Began as a Naga Gladiator on Dec 21, 2018.
             Was an Initiate of the Shining One.
             Slain by a worm (7 damage)
             ... on level 3 of the Dungeon.
             The game lasted 00:02:48 (2871 turns).

Duffy the Chopper (Naga Gladiator)                  Turns: 2871, Time: 00:02:49

Health: 0/45       AC:  8    Str: 18    XL:     5   Next: 62%
Magic:  5/5        EV: 11    Int:  8    God:    the Shining One [......]
Gold:   130        SH:  0    Dex: 12    Spells: 4/4 levels left

rFire    + . .     SeeInvis +   a - +0 war axe
rCold    . . .     Gourm    .   (no shield)
rNeg     . . .     Faith    .   k - +0 ring mail
rPois    +         Spirit   .   c - +0 helmet
rElec    .         Reflect  .   m - +0 cloak
rCorr    .         Harm     .   s - +1 pair of gloves
MR       .....                  (no barding)
Stlth    +.........             (no amulet)
HPRegen  0.15/turn              t - ring of protection from fire
MPRegen  0.09/turn              v - +2 ring of evasion

@: glowing, very slow
A: large, see invisible, deformed body, poison resistance, slowness 2, slow
metabolism 1, spit poison 1, AC +1
a: Spit Poison, Renounce Religion


You were on level 3 of the Dungeon.
You worshipped the Shining One.
The Shining One was noncommittal.
You were not hungry.

You visited 1 branch of the dungeon, and saw 4 of its levels.

You collected 130 gold pieces.

Inventory:

Hand Weapons
 a - a +0 war axe (weapon)
 u - a +1 dagger of venom
Missiles
 d - 2 throwing nets (quivered)
Armour
 b - a +0 leather armour
 c - a +0 helmet (worn)
 k - a +0 ring mail (worn)
 m - a +0 cloak (worn)
 s - a +1 pair of gloves (worn)
Jewellery
 n - an uncursed ring of ice
 t - a ring of protection from fire (left hand)
 v - a +2 ring of evasion (right hand)
Wands
 y - a wand of digging (4)
Scrolls
 e - a scroll of immolation {unknown}
 g - a scroll of enchant armour {unknown}
 h - 2 scrolls of fear {unknown}
 i - 6 scrolls of teleportation {unknown}
 p - 7 scrolls of identify {unknown}
 r - a scroll of fog {unknown}
 w - a scroll of enchant weapon {unknown}
Potions
 j - a potion of cancellation {unknown}
 l - a potion of ambrosia {unknown}
 o - 2 potions of curing {unknown}
 q - a potion of berserk rage {unknown}
 x - a potion of flight {unknown}
 A - a potion of experience {unknown}
Comestibles
 f - 10 rations


   Skills:
 - Level 2.0 Fighting
 + Level 6.1 Axes
 - Level 1.7 Throwing
 - Level 2.4 Dodging


You had 4 spell levels left.
You didn't know any spells.
Your spell library was empty.

Dungeon Overview and Level Annotations

Branches:
Dungeon (4/15)
 Temple: D:4-7

Altars:
Okawaru
Trog
Zin
The Shining One

Annotations:
D:4 Ijyb


Innate Abilities, Weirdness & Mutations

You cannot wear boots.
Your serpentine skin is tough. (AC +1)
You have supernaturally acute eyesight. (SInv)
Armour fits poorly on your strangely shaped body.
Your system is resistant to poisons. (rPois)
You cover ground very slowly.
You have a slow metabolism.
You can spit poison.


Message History

The leopard gecko hisses angrily.
Found an encrusted glass wand.
There is a stone staircase leading up here.
Ijyb the Twisted Goblin comes into view.
She is wielding a +0 club, wearing a Ijyb shouts!
Ijyb zaps a wand.
The bolt of acid hits you!
You are splashed with acid!
The acid burns!
You are too injured to fight recklessly!
You are too injured to fight recklessly!
A jackal comes into view.
There is a stone staircase leading up here.
The jackal barks!
You hear a bark!
The worm bites you!
All of the chunks of flesh in your inventory have rotted away.
You climb upwards.
There is a stone staircase leading down here.
You hit the worm.
The worm is lightly wounded.
The worm bites you!
You die...

#.................#
#.................#
#.................#
#........#.#'######
#........#...#
#........##..#
#....^...##..#
######%.......##w.#
.....)...........@#
######........#####
##########


You could see a worm.

Vanquished Creatures
  Jessica (D:3)
  Terence (D:3)
  Robin (D:3)
  3 adders
  An ooze (D:1)
  A worm (D:2)
  4 dart slugs
  A leopard gecko (D:2)
  5 orcs
  A ball python (D:3)
  6 giant cockroaches
  15 goblins
  4 hobgoblins (D:3)
  2 jackals (D:2)
  7 kobolds
  3 quokkas
  5 bats
  6 frilled lizards
  6 rats
73 creatures vanquished.

Notes
Turn   | Place    | Note
-------+----------+-------------------------------------------
     0 | D:1      | Duffy the Naga Gladiator began the quest for the Orb.
     0 | D:1      | Reached XP level 1. HP: 19/19 MP: 1/1
    36 | D:2      | Reached XP level 2. HP: 21/26 MP: 2/2
   376 | D:2      | Reached skill level 4 in Axes
   531 | D:3      | Noticed Terence
   533 | D:3      | Reached XP level 3. HP: 32/32 MP: 3/3
   546 | D:3      | Killed Terence
   754 | D:3      | Found a glowing golden altar of the Shining One.
   754 | D:3      | Found a glowing silver altar of Zin.
   762 | D:3      | Became a worshipper of the Shining One
  1003 | D:1      | Reached XP level 4. HP: 35/39 MP: 4/4
  1695 | D:2      | Reached skill level 5 in Axes
  1920 | D:2      | Found a bloodstained altar of Trog.
  2354 | D:3      | Noticed Jessica
  2361 | D:3      | Killed Jessica
  2361 | D:3      | Reached XP level 5. HP: 45/45 MP: 5/5
  2457 | D:3      | Noticed Robin
  2488 | D:3      | Killed Robin
  2598 | D:3      | Reached skill level 6 in Axes
  2684 | D:3      | Found an iron altar of Okawaru.
  2867 | D:4      | Noticed Ijyb
  2871 | D:3      | Slain by a worm

Vault maps used:
D:1:      dpeg_arrival_shelter, minmay_misc_feat_rows, serial_bayou_pond_c,
          columned_hall_lemuel
D:2:      trog_butcher_becter
D:3:      chequers_temple_overflow_statue_of_worship, okawaru_gym_becter,
          first_ration, uniq_robin, uniq_jessica, uniq_terence
D:4:      fedhas_altar_2, minmay_temple_entry_statues, serial_shops, shop,
          portal_sewer_entry_b, gammafunk_ghost_split, uniq_ijyb

Skill      XL: |  1  2  3  4  5 |
---------------+----------------+-----
Axes           | 4 5 6 |  6.1
Fighting       | |  2.0
Throwing       | |  1.7
Dodging        | |  2.4

Action                   |  1- 3 |  4- 6 || total
-------------------------+-------+-------++-------
Melee: War axe           |    60 |   118 ||   178
Throw: Throwing net      |     1 |       ||     1
 Abil: Spit Poison       |     3 |     2 ||     5
 Stab: Sleeping          |     1 |       ||     1
  Eat: Chunk             |       |     5 ||     5
Armor: Leather armour    |    19 |       ||    19
       Ring mail         |     4 |    74 ||    78
Dodge: Dodged            |    31 |    85 ||   116

Table legend:
 A = Non-vault XP
 B = Vault XP
 C = Vault XP percentage of total XP
 D = Non-vault monster count
 E = Vault monster count
 F = Vault count percentage of total count
                 A         B        C        D         E       F
            +---------+---------+-------+---------+---------+-------
      Total |     148 |     113 |  43.3 |      56 |      17 |  23.3
            +---------+---------+-------+---------+---------+-------
        D:1 |      27 |       0 |   0.0 |      11 |       0 |   0.0
        D:2 |      55 |       8 |  12.7 |      20 |       4 |  16.7
        D:3 |      66 |     105 |  61.4 |      25 |      13 |  34.2
            +---------+---------+-------+---------+---------+-------
